 Dungeon Crawl Stone Soup version 0.31-a0-636-ge1c0e020e0 (webtiles) character file.

Game seed: 14466228479719905571

161438 scionoferis the Eclecticist (level 18, 0/124 HPs)
             Began as a Djinni Hedge Wizard on Aug 23, 2023.
             Was the Champion of Makhleb.
             Slain by a salamander
             ... wielding a +0 glaive
              (3 damage)
             ... on level 4 of the Snake Pit on Aug 26, 2023.
             The game lasted 03:08:14 (38289 turns).

scionoferis the Eclecticist (Djinni Hedge Wizard)  Turns: 38289, Time: 03:08:14

Health: 0/124      AC: 15    Str: 11    XL:     18   Next: 41%
Gold:   1881       EV: 18    Int: 27    God:    Makhleb [******] SH: 12 Dex: 16

rFire   + + .        a - +4 scimitar (flame)
rCold   + . .        Q - +0 kite shield {reflect}
rNeg    + . .        u - +5 ring mail "Ziadgh" {rF+ rC+ Int+3}
rPois   ∞            c - -2 hat of Pan-Flutes {rC+ rN+ Dex+2 Stlth+}
rElec   .            V - +0 cloak of Buur {rF- Int+3 Slay+2 SInv}
rCorr   .            T - +0 pair of gloves
SInv    +            (boots unavailable)
Will    +....        (no amulet)
Stlth   +++          w - +5 ring of evasion
HPRegen 0.40/turn    e - +4 ring of protection
MPRegen 0.00/turn

%: reflection, infuse magic (-1 HP)
@: flying, studying Long Blades
A: sickness immunity, fire resistance 2, cold vulnerability 1, float, innate
caster, HP casting, extra vitality 1
a: Renounce Religion, Minor Destruction, Lesser Servant of Makhleb, Major
Destruction, Greater Servant of Makhleb


You were on level 4 of the Snake Pit.
You worshipped Makhleb.
Makhleb was exalted by your worship.
You visited 5 branches of the dungeon, and saw 27 of its levels.
You also visited: Ossuary.

You collected 3705 gold pieces.
You spent 1824 gold pieces at shops.


Innate Abilities, Weirdness & Mutations

You are immune to sickness and miasma.
You are immune to poison.
Your flesh is very heat resistant. (rF++)
You are vulnerable to cold. (rC-)
You float through the air rather than walking.
You learn spells naturally, not from books.
Your magical power is your life essence.
You have superior vitality. (+4 MHP)


   Skills:
 - Level 10.0 Fighting
 + Level 12.4 Long Blades
 - Level 5.0 Armour
 - Level 10.0 Dodging
 + Level 5.3 Stealth
 - Level 10.0 Shields
 * Level 16.1 Spellcasting
 * Level 16.1 Conjurations
 * Level 16.1 Hexes
 * Level 16.1 Summonings
 * Level 16.1 Necromancy
 * Level 16.1 Translocations
 * Level 16.1 Transmutations
 * Level 16.1 Fire Magic
 * Level 16.1 Ice Magic
 * Level 16.1 Air Magic
 * Level 16.1 Earth Magic
 * Level 16.1 Poison Magic
 - Level 12.0 Evocations


You knew the following spells:

 Your Spells              Type           Power      Damage    Failure   Level
a - Magic Dart            Conj           100%       1d8       1%          1
b - Slow                  Hex            100%       N/A       1%          1
c - Blink                 Tloc           100%       N/A       1%          2
d - Call Imp              Summ           100%       N/A       1%          2
e - Mephitic Cloud        Conj/Pois/Air  83%        N/A       1%          3
f - Apportation           Tloc           100%       N/A       1%          1
g - Poisonous Vapours     Pois/Air       100%       N/A       1%          2
h - Passwall              Tmut/Erth      69%        N/A       1%          2
i - Ignite Poison         Fire/Tmut/Pois 83%        N/A       1%          3
j - Petrify               Tmut/Erth      83%        N/A       1%          4
k - Summon Mana Viper     Hex/Summ       83%        N/A       1%          5
l - Starburst             Conj/Fire      41%        6d12      2%          6
m - Orb of Destruction    Conj           41%        9d11      16%         7
Your spell library was empty.

Inventory:

Hand Weapons
 a - a +4 scimitar of flaming (weapon)
   (You took it off an efreet on level 14 of the Dungeon)
 d - a +2 dagger of speed
   (You found it on level 9 of the Dungeon)
 P - the +9 whip of Hatred {flame, *Corrode rElec Str+4}
   (You found it on level 4 of the Dungeon)

   Str+4:     It affects your strength (+4).
   rElec:     It insulates you from electricity.
   *Corrode:  It may corrode you when you take damage.
 Z - a +4 antimagic long sword
   (You found it on level 14 of the Dungeon)
Missiles
 v - 61 poisoned darts
 C - 6 curare-tipped darts
 D - 14 boomerangs
 N - a throwing net
 S - 4 javelins
Armour
 b - a +2 kite shield of positive energy
   (You took it off a naga warrior on level 1 of the Snake Pit)
 c - the -2 hat of Pan-Flutes (worn) {rC+ rN+ Dex+2 Stlth+}
   (You found it on level 10 of the Dungeon)

   Dex+2:     It affects your dexterity (+2).
   rC+:       It protects you from cold.
   rN+:       It protects you from negative energy.
   Stlth+:    It makes you more stealthy.
 l - a +1 kite shield of cold resistance
   (You took it off a naga warrior on level 1 of the Snake Pit)
 u - the +5 ring mail "Ziadgh" (worn) {rF+ rC+ Int+3}
   (You found it on level 4 of the Dungeon)

   Int+3:     It affects your intelligence (+3).
   rF+:       It protects you from fire.
   rC+:       It protects you from cold.
 Q - a +0 kite shield of reflection (worn)
   (You took it off a tengu warrior on level 15 of the Dungeon)
 T - a +0 pair of gloves (worn)
   (You found it on level 3 of the Lair of Beasts)
 V - the +0 cloak of Buur (worn) {rF- Int+3 Slay+2 SInv}
   (You bought it in a shop on level 2 of the Orcish Mines)

   Int+3:     It affects your intelligence (+3).
   Slay+2:    It affects your accuracy & damage with ranged weapons and melee
   (+2).
   rF-:       It makes you vulnerable to fire.
   SInv:      It lets you see invisible.
Jewellery
 e - a +4 ring of protection (right hand)
   (You found it on level 1 of the Dungeon)
 w - a +5 ring of evasion (left hand)
   (You found it on level 14 of the Dungeon)
 y - a ring of protection from cold
   (You found it on level 7 of the Dungeon)
Wands
 h - a wand of roots (7)
   (You found it on level 6 of the Dungeon)
 o - a wand of acid (23)
   (You found it on level 3 of the Dungeon)
 r - a wand of paralysis (41)
   (You found it on level 3 of the Dungeon)
 E - a wand of flame (121)
   (You found it on level 8 of the Dungeon)
 W - a wand of mindburst (27)
   (You bought it in a shop on level 2 of the Orcish Mines)
Scrolls
 j - 5 scrolls of blinking
 k - 2 scrolls of silence
 n - a scroll of brand weapon
 q - 3 scrolls of fear
 s - 6 scrolls of vulnerability
 z - a scroll of poison
 B - 4 scrolls of fog
 L - 11 scrolls of teleportation
 M - 3 scrolls of revelation
 Y - a scroll of enchant weapon {unknown}
Potions
 f - 15 potions of curing
 i - 3 potions of heal wounds
 m - 3 potions of brilliance {unknown}
 p - 6 potions of invisibility
 t - 7 potions of haste
 x - 2 potions of might
 A - 2 potions of ambrosia
 G - 4 potions of enlightenment
 H - 4 potions of attraction {unknown}
 I - 4 potions of cancellation {unknown}
 O - 3 potions of magic {unknown}
 U - a potion of resistance
Miscellaneous
 g - a phantom mirror
   (You found it on level 15 of the Dungeon)
 R - a tin of tremorstones (2/2)
   (You found it on level 5 of the Lair of Beasts)

Dungeon Overview and Level Annotations

Branches:
Dungeon (15/15)            Temple (1/1) D:7            Lair (5/5) D:9
 Shoals (0/4) Lair:2        Snake (4/4) Lair:2        Slime (0/5) Lair:5
    Orc (2/2) D:11            Elf (0/3) Orc:2        Vaults (0/5) D:14
 Depths (0/4) D:15        Ossuary (visited)

Altars:
Ashenzari
Cheibriados
Dithmenos
Elyvilon
Fedhas
Gozag
Hepliaklqana
Makhleb
Nemelex Xobeh
Okawaru
Qazlal
Ru
Trog
Uskayaw
Wu Jian
Xom
Yredelemnul
Zin
The Shining One
Jiyva

Shops:
D:1 (   D:4 :   D:6 !   D:7 [ Orc:2

(!*=
.)......####....##
.<)))[)..# #.N...###
####......###......##
###.....##.......###
###...###........##
#...##.N.......#
#......N.......
#..............
##.....@.......
#.............
#.............
#.............
#.............
#.............
#....##....... #N..#
#.....#


You could see a naga warrior, 2 salamanders and a naga.


Message History

You hit the black mamba. You burn the black mamba.
The black mamba is moderately wounded.
The black mamba misses you. The black mamba barely misses you.
You closely miss the black mamba.
The black mamba is moderately wounded.
The black mamba barely misses you.
You miss the black mamba.
The black mamba is moderately wounded.
The black mamba bites you but does no damage.
The black mamba bites you.
You miss the black mamba.
The black mamba is lightly wounded.
The black mamba bites you! You block the black mamba's attack.
You slash the black mamba! You burn the black mamba.
The black mamba is heavily wounded.
The black mamba bites you!
You slash the black mamba! You burn the black mamba.
You kill the black mamba!
Makhleb accepts your kill.
You feel better.
No target in view!
Search for what [Enter for "talis", or ? for help]? scroll You see here a black mamba corpse.
You see here a +0 glaive.
f - 15 potions of curing (gained 1)
Found a stone staircase leading down.
There is a stone staircase leading down here.
There is a stone staircase leading down here.
You see here a +0 long sword.
Things that are here:
a +0 hand axe; a +0 shortbow
Things that are here:
a +0 hand axe; a +0 shortbow You see here a +0 long sword.
Partly explored, can't reach some places.
You enter a teleport trap!
The teleport trap disappears.
Your surroundings suddenly seem different.
The black mamba hisses angrily.
The black mamba bites you.
You hit the black mamba. You burn the black mamba.
The black mamba is lightly wounded.
The black mamba barely misses you. The black mamba misses you.
You hit the black mamba. You burn the black mamba.
The black mamba is moderately wounded.
The black mamba bites you!
The black mamba bites you but does no damage.
You barely miss the black mamba.
The black mamba is moderately wounded.
The black mamba misses you.
You hit the black mamba. You burn the black mamba.
The black mamba is moderately wounded.
The black mamba bites you! You block the black mamba's attack.
You slash the black mamba! You burn the black mamba.
The black mamba is severely wounded.
The black mamba bites you but does no damage. x2
You hit the black mamba but do no damage.
The black mamba is severely wounded.
The black mamba bites you but does no damage.
You hit the black mamba. You burn the black mamba.
The black mamba is almost dead.
The black mamba completely misses you.
The black mamba bites you but does no damage.
You hit the black mamba. You burn the black mamba.
You kill the black mamba!
Makhleb accepts your kill.
You feel better.
Your Spellcasting skill increases to level 16!
Your Conjurations skill increases to level 16!
Your Hexes skill increases to level 16!
Your Summonings skill increases to level 16!
Your Necromancy skill increases to level 16!
Your Translocations skill increases to level 16!
Your Transmutations skill increases to level 16!
Your Fire Magic skill increases to level 16!
Your Ice Magic skill increases to level 16!
Your Air Magic skill increases to level 16!
Your Earth Magic skill increases to level 16!
Your Poison Magic skill increases to level 16!
Things that are here:
a +0 hand axe; a +0 shortbow You see here a +0 long sword.
You see here a +1 spectral quarterstaff.
Found a scimitar.
You see here a +0 scimitar.
You see here a +0 scimitar.
Found a stone staircase leading down.
F - a scroll of identify
As you read the scroll of identify, it crumbles to dust.
z - a scroll of poison Done exploring.
Done exploring.
There is a stone staircase leading down here.
Search for what [Enter for "scroll", or ? for help]? snake Search for what [Enter for "snake", or ? for help]? gloves Unknown command.
You fly downwards.
Found 3 scrolls of vulnerability.
There is a stone staircase leading up here.
The helpless salamander mystic fails to defend itself.
You slice the salamander mystic!!
The salamander mystic is moderately wounded.
The salamander mystic hits you with a +0 quarterstaff.
You are engulfed in flames.
You resist. The salamander barely misses you.
You block the salamander mystic's attack.
You fly upwards.
There is a stone staircase leading down here.
You slash the salamander mystic!
The salamander mystic is moderately wounded.
You slash the salamander mystic!
The salamander mystic is heavily wounded.
The salamander mystic completely misses you.
You hit the salamander mystic.
The salamander mystic is heavily wounded.
The salamander mystic hits you but does no damage.
You barely miss the salamander mystic.
The salamander mystic is heavily wounded.
The salamander mystic hits you with a +0 quarterstaff.
You are engulfed in flames.
You resist.
You slash the salamander mystic!
The salamander mystic is heavily wounded.
The salamander mystic points at you and mumbles some strange words.
The lance of force misses you.
You hit the salamander mystic.
The salamander mystic is severely wounded.
You block the salamander mystic's attack.
You completely miss the salamander mystic.
The salamander mystic is severely wounded.
The salamander mystic points at you and mumbles some strange words.
The bolt of magma hits you. You partially resist.
You closely miss the salamander mystic.
The salamander mystic is severely wounded.
The salamander mystic hits you with a +0 quarterstaff.
You are engulfed in flames.
You resist.
You slash the salamander mystic!
The salamander mystic is almost dead.
You block the salamander mystic's attack.
You slice the salamander mystic!!
You kill the salamander mystic!
Makhleb accepts your kill.
You feel better.
No target in view!
Things that are here:
a +0 quarterstaff; a +0 robe; a salamander corpse
There is a stone staircase leading down here.
HP restored.
Things that are here:
a +0 mace; a +0 arbalest
There is a stone staircase leading down here.
You fly downwards.
There is a stone staircase leading up here.
Press: ? - help, v - describe, . - travel
Here: a naga warrior, wielding a +0 scimitar, wearing a +0 robe and wearing a +1 tower shield of reflection (asleep, reflecting blocked projectiles)
The floor.
Casting: Starburst (dangerous; 3% risk of failure)
Confirm with . or Enter, or press ? or * to list all spells.
Aiming: Mephitic Cloud (safe; 1% risk of failure)
Press: ? - help, Shift-Dir - straight line
Okay, then.
A salamander tyrant and a salamander come into view.
Your +4 scimitar of flaming stops flaming.
Your hands tingle!
d - a +2 dagger of speed (weapon)
The helpless naga warrior fails to defend itself.
You stick the naga warrior like a pincushion!!!
The naga warrior is severely wounded.
The salamander tyrant gazes fiercely through you!
You feel your attacks grow feeble.
Casting: Mephitic Cloud (safe; 1% risk of failure)
Confirm with . or Enter, or press ? or * to list all spells.
Aiming: Mephitic Cloud (safe; 1% risk of failure)
Press: ? - help, Shift-Dir - straight line The ball explodes into a vile cloud!
The stinking cloud engulfs the naga warrior but does no damage.
The naga warrior is severely wounded.
The stinking cloud engulfs you but does no damage.
You hear a shout! x6
An anaconda comes into view.
The naga warrior spits poison at you. The splash of poison misses you.
A salamander comes into view. It is wielding a +1 trident of flaming.
The naga warrior attacks as it pursues you!
The naga warrior hits you but does no damage.
The naga warrior completely misses you.
Casting: Mephitic Cloud (safe; 1% risk of failure)
Confirm with . or Enter, or press ? or * to list all spells.
You ignite the poison in your surroundings!
A salamander comes into view. It is wielding a +4 halberd.
Unknown command.
Your +4 scimitar of flaming bursts into flame!
a - a +4 scimitar of flaming (weapon)
The naga warrior is engulfed in blazing flames.
You block the naga warrior's attack. x2
The naga warrior blocks your attack.
The naga warrior is severely wounded.
A salamander comes into view. It is wielding a +0 trident.
The naga warrior is engulfed in blazing flames.
The naga warrior spits poison at you.
Your +0 kite shield of reflection blocks the splash of poison... and reflects it back!
The splash of poison hits the naga warrior.
The naga warrior completely resists.
You slash the naga warrior! You burn the naga warrior.
You kill the naga warrior!
Makhleb accepts your kill.
You feel better.
The salamander tyrant gazes fiercely through you!
You feel as though you will be weak longer.
There is a stone staircase leading up here.
You block the salamander's attack.
The salamander tyrant hits you but does no damage.
You fly upwards.
There is a stone staircase leading down here.
Casting: Ignite Poison (safe; 1% risk of failure)
Confirm with . or Enter, or press ? or * to list all spells.
Aiming: Mephitic Cloud (safe; 1% risk of failure)
Press: ? - help, Shift-Dir - straight line, f - salamander tyrant
Aim: a salamander tyrant (chance to affect: 29%)
The ball explodes into a vile cloud!
The stinking cloud engulfs the salamander tyrant but does no damage.
The stinking cloud engulfs you but does no damage.
The salamander tyrant is engulfed in noxious fumes.
The salamander tyrant gazes fiercely through you!
You feel as though you will be weak longer.
The salamander tyrant completely misses you.
You hit the salamander tyrant.
The salamander tyrant is lightly wounded.
The salamander tyrant is engulfed in noxious fumes.
The salamander tyrant appears confused.
The salamander tyrant hits you.
You are engulfed in flames!
You resist.
Your +4 scimitar of flaming stops flaming.
Your hands tingle!
d - a +2 dagger of speed (weapon)
You strike the helpless salamander tyrant from behind!
You puncture the salamander tyrant!
The salamander tyrant is moderately wounded.
The salamander tyrant is engulfed in noxious fumes.
The salamander tyrant is engulfed in noxious fumes.
The salamander tyrant appears confused.
You hit the salamander tyrant.
The salamander tyrant is moderately wounded.
The salamander tyrant is engulfed in noxious fumes.
The salamander tyrant hits you but does no damage.
The salamander tyrant hits itself but does no damage.
You catch the helpless salamander tyrant completely off-guard!
You impale the salamander tyrant!!
The salamander tyrant is heavily wounded.
You hit the salamander tyrant.
The salamander tyrant is heavily wounded.
You catch the helpless salamander tyrant completely off-guard!
You puncture the salamander tyrant!
The salamander tyrant is severely wounded.
The salamander tyrant is engulfed in noxious fumes.
You hit the salamander tyrant but do no damage.
The salamander tyrant is severely wounded.
You hit the salamander tyrant but do no damage.
The salamander tyrant is severely wounded.
The salamander tyrant is engulfed in noxious fumes.
You hit the salamander tyrant but do no damage.
The salamander tyrant is severely wounded.
The salamander tyrant is engulfed in noxious fumes.
You block the salamander tyrant's attack.
You hit the salamander tyrant.
The salamander tyrant is severely wounded.
You hit the salamander tyrant.
The salamander tyrant is almost dead.
You block the salamander tyrant's attack.
You hit the salamander tyrant.
The salamander tyrant is almost dead.
You hit the salamander tyrant.
The salamander tyrant is almost dead.
You hit the salamander tyrant.
The salamander tyrant is almost dead.
The salamander tyrant hits you!
You are engulfed in flames.
You resist.
The salamander tyrant completely misses itself.
You hit the salamander tyrant.
The salamander tyrant is almost dead.
The salamander tyrant seems less confused.
You hit the salamander tyrant but do no damage.
The salamander tyrant is almost dead.
Your +4 scimitar of flaming bursts into flame!
a - a +4 scimitar of flaming (weapon)
You slash the salamander tyrant!
You kill the salamander tyrant!
Makhleb accepts your kill.
You feel better.
No target in view!
You start resting.
HP restored.
Things that are here:
a +0 robe; a +0 spear; a salamander corpse
There is a stone staircase leading down here.
You fly downwards.
You block the salamander's attack.
There is a stone staircase leading up here.
Casting: Mephitic Cloud (safe; 1% risk of failure)
Confirm with . or Enter, or press ? or * to list all spells.
Aiming: Mephitic Cloud (safe; 1% risk of failure)
Press: ? - help, Shift-Dir - straight line, f - salamander
Aim: a salamander, wielding a +1 trident of flaming (chance to affect: 62%)
The ball explodes into a vile cloud!
The stinking cloud engulfs the salamander but does no damage. x3
You hear a shout! x3; You hear an angry hiss.
The naga mage spits poison at you.
The splash of poison hits you but does no damage.
You resist.
The salamander is engulfed in noxious fumes. x2
The salamander appears confused.
The salamander hits itself with a +4 halberd!!
The salamander is engulfed in noxious fumes.
The salamander closely misses you.
The salamander is engulfed in noxious fumes.
The salamander appears confused.
The salamander barely misses the salamander.
The naga mage spits poison at you. The splash of poison misses you.
The salamander is engulfed in noxious fumes.
The salamander hits you but does no damage.
The salamander is engulfed in noxious fumes.
The naga spits poison at you.
The splash of poison hits you but does no damage.
You resist.
Casting: Mephitic Cloud (safe; 1% risk of failure)
Confirm with . or Enter, or press ? or * to list all spells.
Aiming: Mephitic Cloud (safe; 1% risk of failure)
Press: ? - help, Shift-Dir - straight line, p - salamander The ball explodes into a vile cloud!
The stinking cloud engulfs the salamander but does no damage.
The salamander is moderately wounded.
The stinking cloud engulfs the naga but does no damage.
You hear a shout!
You hear an angry hiss.
The salamander is engulfed in noxious fumes.
The salamander appears confused.
The salamander hits the salamander with a +0 trident!
The salamander is engulfed in flames.
The salamander completely resists.
The salamander is engulfed in noxious fumes.
The salamander hits you from afar with a +1 trident of flaming.
You are engulfed in flames.
You resist.
The salamander is engulfed in noxious fumes.
The salamander appears confused.
You completely miss the naga.
The salamander is engulfed in noxious fumes.
The salamander appears confused.
The salamander hits the salamander with a +0 trident.
The salamander is engulfed in flames.
The salamander completely resists.
The salamander is engulfed in noxious fumes.
The salamander appears confused.
The salamander is engulfed in noxious fumes.
The salamander barely misses you.
You closely miss the naga. The naga closely misses you.
You block the naga's attack.
The salamander is engulfed in noxious fumes.
The salamander appears confused.
The salamander hits itself with a +0 trident!
The salamander is engulfed in noxious fumes.
The salamander appears confused.
The salamander is engulfed in noxious fumes.
The salamander appears confused.
You slash the naga! You burn the naga.
The naga is heavily wounded.
The naga hits you with a +0 scimitar!! The naga misses you.
The salamander is engulfed in noxious fumes.
The salamander appears confused.
The salamander is engulfed in noxious fumes.
The salamander appears confused.
The salamander hits you but does no damage.
The salamander is engulfed in noxious fumes.
The salamander hits you with a +4 halberd!
You are engulfed in flames.
You resist.
Casting: Mephitic Cloud (safe; 1% risk of failure)
Confirm with . or Enter, or press ? or * to list all spells.
Okay, then.
Unknown command.
The salamander is engulfed in noxious fumes.
The salamander appears confused.
The naga spits poison at you.
The splash of poison hits you but does no damage.
You resist.
The salamander is engulfed in noxious fumes.
You block the salamander's attack.
The salamander is engulfed in noxious fumes.
The salamander appears confused.
The salamander hits the salamander with a +1 trident of flaming.
The salamander is engulfed in flames.
The salamander completely resists.
The salamander hits the salamander with a +4 halberd!
The salamander is engulfed in flames.
The salamander completely resists.
You fly upwards.
There is a stone staircase leading down here.
You closely miss the naga.
The naga is heavily wounded.
You block the naga's attack. x2
You closely miss the naga.
The naga is heavily wounded.
You block the naga's attack. x2
You closely miss the naga.
The naga is heavily wounded.
The naga hits you with a +0 scimitar. The naga barely misses you.
You closely miss the naga.
The naga is heavily wounded.
You slash the naga! You burn the naga.
You kill the naga!
Makhleb accepts your kill.
No target in view!
No target in view!
Your attacks no longer feel as feeble.
HP restored.
Done exploring.
Things that are here:
a +0 scimitar; a +0 robe; a naga corpse
There is a stone staircase leading down here.
You fly downwards.
The salamander hits you from afar with a +4 halberd!
You are engulfed in flames.
You resist.
There is a stone staircase leading up here. 2 nagas come into view.
The naga mage gestures at the naga while chanting.
The naga seems to grow toxic.
The salamander completely misses you.
There is a stone staircase leading up here.
The naga spits poison at you.
The splash of poison hits you but does no damage.
You fly upwards.
There is a stone staircase leading down here.
You hit the salamander.
The salamander is lightly wounded.
The salamander misses you.
You hit the salamander.
The salamander is lightly wounded.
You block the salamander's attack.
You slash the salamander!
The salamander is moderately wounded.
You block the salamander's attack.
You slash the salamander!
The salamander is heavily wounded.
The salamander hits you with a +4 halberd.
You are engulfed in flames.
You resist.
You slice the salamander!!
The salamander is almost dead.
You block the salamander's attack.
You hit the salamander.
The salamander is almost dead.
The salamander misses you.
You slash the salamander!
You kill the salamander!
Makhleb accepts your kill.
You feel better.
You start resting.
HP restored.
Things that are here:
a +4 halberd; a salamander corpse
There is a stone staircase leading down, spattered with blood here.
You fly downwards.
There is a stone staircase leading up here.
Casting: Mephitic Cloud (safe; 1% risk of failure)
Confirm with . or Enter, or press ? or * to list all spells.
Aiming: Mephitic Cloud (safe; 1% risk of failure)
Press: ? - help, Shift-Dir - straight line, f - naga mage
Aim: a naga mage, wielding a +0 flail (not susceptible)
Okay, then.
Unknown command.
Casting: Mephitic Cloud (safe; 1% risk of failure)
Confirm with . or Enter, or press ? or * to list all spells.
Casting: Starburst (dangerous; 3% risk of failure)
Press: ? - help, Dir - look around, f - activate The bolt of fire hits the salamander.
The salamander completely resists.
The bolt of fire hits the salamander.
The salamander completely resists.
The bolt of fire hits the naga mage.
The naga mage is lightly wounded.
The bolt of fire hits the naga!!
The naga is severely wounded.
The bolt of fire hits the naga!!
You kill the naga!
Makhleb accepts your kill.
You feel better.
The bolt of fire hits the naga!!
You kill the naga!
Makhleb accepts your kill.
You feel better.
Unknown command.
Unknown command.
Casting: Starburst (dangerous; 3% risk of failure)
Confirm with . or Enter, or press ? or * to list all spells.
Casting: Starburst (dangerous; 3% risk of failure)
Press: ? - help, Dir - look around, f - activate The bolt of fire hits the naga mage!!!
You kill the naga mage!
Makhleb accepts your kill.
You feel better.
The bolt of fire hits the naga!!
You kill the naga!
Makhleb accepts your kill.
You feel better.
The bolt of fire hits the salamander.
The salamander completely resists.
The bolt of fire hits the salamander.
The salamander completely resists.
Unknown command.
Unknown command.
The salamander closely misses you. The salamander closely misses you.
The salamander hits you but does no damage.
The salamander attacks as it pursues you!
The salamander hits you from afar with a +0 trident.
You are engulfed in flames.
You resist.
The salamander attacks as it pursues you!
The salamander completely misses you.
The salamander hits you but does no damage.
You block the salamander's attack.
There is a stone staircase leading up here.
You block the salamander's attack. The salamander misses you.
You fly upwards.
There is a stone staircase leading down, spattered with blood here.
You slice the salamander!!
The salamander is moderately wounded.
The salamander barely misses you.
You barely miss the salamander.
The salamander is moderately wounded.
The salamander hits you but does no damage.
You hit the salamander.
The salamander is moderately wounded.
You block the salamander's attack.
You slash the salamander!
The salamander is severely wounded.
The salamander hits you with a +0 trident.
You are engulfed in flames.
You resist.
You hit the salamander.
The salamander is severely wounded.
You block the salamander's attack.
You slice the salamander!!
The salamander is almost dead.
You barely miss the salamander.
The salamander is almost dead.
The salamander closely misses you.
You slash the salamander!
You kill the salamander!
Makhleb accepts your kill.
You feel better.
No target in view!
Things that are here:
a +0 trident; a +4 halberd; a salamander corpse
There is a stone staircase leading down, spattered with blood here.
You fly downwards.
There is a stone staircase leading up here.
Casting: Starburst (dangerous; 3% risk of failure)
Confirm with . or Enter, or press ? or * to list all spells.
Aiming: Poisonous Vapours (safe; 1% risk of failure)
Press: ? - help, Dir - move target, f - salamander
Aim: a salamander, wielding a +1 trident of flaming Poisonous vapours surround the salamander!
The salamander is poisoned.
A naga comes into view. It is wielding a +0 glaive.
Things that are here:
a +0 flail; a naga corpse The salamander closely misses you.
There is a stone staircase leading up here.
The salamander closely misses you. You block the salamander's attack.
You fly upwards.
There is a stone staircase leading down, spattered with blood here.
You slash the salamander!
The salamander is lightly wounded.
The salamander barely misses you.
You slash the salamander!
The salamander is moderately wounded.
The salamander hits you with a +1 trident of flaming!
You are engulfed in flames.
You resist. The salamander burns you.
You hit the salamander.
The salamander is heavily wounded.
You block the salamander's attack.
You slash the salamander!
The salamander is severely wounded.
You block the salamander's attack.
You hit the salamander.
The salamander is severely wounded.
You block the salamander's attack.
You slash the salamander!
The salamander is almost dead.
The salamander hits you with a +1 trident of flaming.
You are engulfed in flames.
You resist.
You hit the salamander.
You kill the salamander!
Makhleb accepts your kill.
You feel better.
Unknown command.
Items here: ))) ††.
There is a stone staircase leading down, spattered with blood here.
You start resting.
HP restored.
You fly downwards.
There is a stone staircase leading up here.
Casting: Poisonous Vapours (safe; 1% risk of failure)
Confirm with . or Enter, or press ? or * to list all spells.
You can't see any susceptible monsters within range! (Use Z to cast anyway.) Unknown command.
The naga spits poison at you.
The splash of poison hits you but does no damage.
You resist.
There is a stone staircase leading up here.
The naga spits poison at you.
The splash of poison hits you but does no damage.
You resist.
Things that are here:
a +0 flail; a naga corpse You slash the naga!
You burn the naga.
The naga is heavily wounded.
The naga misses you. The naga grabs you. The naga constricts you.
You barely miss the naga.
The naga is heavily wounded.
The naga misses you. The naga constricts you.
You closely miss the naga.
The naga is heavily wounded.
The naga barely misses you. The naga constricts you.
You hit the naga. You burn the naga.
The naga is severely wounded.
You block the salamander's attack. The naga hits you with a +0 glaive!
The naga constricts you.
You slash the naga! You burn the naga.
The naga is almost dead.
You block the naga's attack. The naga constricts you.
You block the salamander's attack.
You barely miss the naga.
The naga is almost dead.
The naga misses you. The naga constricts you.
The salamander hits you from afar with a +0 trident!
You are engulfed in flames.
You resist.
You closely miss the naga.
The naga is almost dead.
The salamander hits you but does no damage.
The naga hits you with a +0 glaive. The naga constricts you.
You hit the naga. You burn the naga.
You kill the naga!
Makhleb accepts your kill.
You feel better. You block the salamander's attack.
The salamander hits you but does no damage.
There is a stone staircase leading up here.
The salamander hits you from afar with a +0 trident.
You are engulfed in flames.
You resist.
You fly upwards.
There is a stone staircase leading down, spattered with blood here.
You start resting.
HP restored.
You fly downwards.
There is a stone staircase leading up here.
Things that are here:
a +0 flail; a naga skeleton
Things that are here:
a +0 glaive; a naga corpse
Things that are here:
a +0 flail; a naga skeleton
Things that are here:
a +0 robe; a +0 scimitar
Things that are here:
a +0 dire flail; a naga skeleton
Things that are here:
a +0 robe; a +0 scimitar
Things that are here:
a +0 flail; a naga skeleton
Things that are here:
a +0 glaive; a naga corpse The salamander hits you but does no damage.
You slash the salamander!
The salamander is moderately wounded.
The salamander hits you with a +0 trident.
You are engulfed in flames.
You resist.
You hit the salamander.
The salamander is moderately wounded.
The salamander barely misses you.
You completely miss the salamander.
The salamander is moderately wounded.
The salamander completely misses you.
You barely miss the salamander.
The salamander is moderately wounded.
You block the salamander's attack.
You slash the salamander!
The salamander is heavily wounded.
The salamander hits you with a +0 trident.
You are engulfed in flames.
You resist.
You hit the salamander.
The salamander is heavily wounded.
You block the salamander's attack.
You barely miss the salamander.
The salamander is heavily wounded.
The salamander barely misses you.
You hit the salamander.
The salamander is heavily wounded.
You barely miss the salamander.
The salamander is heavily wounded.
You block the salamander's attack.
You slash the salamander!
The salamander is severely wounded.
The salamander barely misses you.
You closely miss the salamander.
The salamander is severely wounded.
You block the salamander's attack.
You hit the salamander but do no damage.
The salamander is severely wounded.
The salamander hits you with a +0 trident.
You are engulfed in flames.
You resist.
You closely miss the salamander.
The salamander is severely wounded.
You block the salamander's attack.
You slash the salamander!
The salamander is almost dead.
The salamander hits you with a +0 trident.
You are engulfed in flames.
You resist.
You closely miss the salamander.
The salamander is almost dead.
The salamander misses you.
You hit the salamander but do no damage.
The salamander is almost dead.
You block the salamander's attack.
You hit the salamander but do no damage.
The salamander is almost dead.
You block the salamander's attack.
You slash the salamander!
You kill the salamander!
Makhleb accepts your kill.
You feel better.
No target in view!
You see here a +0 trident.
There is a stone staircase leading up here.
You fly upwards.
There is a stone staircase leading down, spattered with blood here.
You start resting.
HP restored.
You fly downwards.
There is a stone staircase leading up here.
Things that are here:
a +1 tower shield of reflection; a +0 robe; a +0 scimitar
There is a stone staircase leading up here.
Things that are here:
a +0 flail; a naga skeleton You see here a +0 trident.
Found a stone staircase leading up.
A naga ritualist comes into view. It is wielding a +0 long sword.
A black mamba comes into view. 2 mana vipers come into view.
The naga ritualist shouts!
The naga ritualist spits poison at you. The splash of poison misses you.
The mana viper hisses angrily.
The mana viper attacks as it pursues you!
You block the mana viper's attack.
Casting: Poisonous Vapours (safe; 1% risk of failure)
Confirm with . or Enter, or press ? or * to list all spells.
Aiming: Mephitic Cloud (safe; 1% risk of failure)
Press: ? - help, Shift-Dir - straight line The ball explodes into a vile cloud!
The stinking cloud engulfs the mana viper but does no damage.
The stinking cloud engulfs you but does no damage.
You hear an angry hiss.
The mana viper misses you.
Casting: Mephitic Cloud (safe; 1% risk of failure)
Confirm with . or Enter, or press ? or * to list all spells.
You ignite the poison in your surroundings!
The black mamba is engulfed in blazing flames.
The black mamba misses you.
The black mamba is engulfed in blazing flames.
You block the black mamba's attack.
The mana viper is engulfed in blazing flames.
The mana viper barely misses you.
You slash the mana viper! You burn the mana viper.
The mana viper is heavily wounded.
The black mamba is engulfed in blazing flames.
You block the black mamba's attack.
The mana viper is engulfed in blazing flames.
The mana viper barely misses you.
You miss the mana viper.
The mana viper is severely wounded.
The black mamba is engulfed in blazing flames.
The black mamba barely misses you.
The mana viper is engulfed in blazing flames.
You kill the mana viper!
Makhleb accepts your kill.
You feel better.
The black mamba is engulfed in blazing flames.
The black mamba misses you.
You miss the black mamba.
The black mamba is heavily wounded.
The black mamba is engulfed in blazing flames.
You block the black mamba's attack.
The black mamba is engulfed in blazing flames.
You block the black mamba's attack.
Unknown command.
You miss the black mamba.
The black mamba is almost dead.
The black mamba is engulfed in blazing flames.
You kill the black mamba!
Makhleb accepts your kill.
You start waiting.
A naga ritualist is nearby!
Casting: Ignite Poison (safe; 1% risk of failure)
Confirm with . or Enter, or press ? or * to list all spells.
Aiming: Mephitic Cloud (safe; 1% risk of failure)
Press: ? - help, Shift-Dir - straight line, f - naga ritualist
Aim: a naga ritualist, wielding a +0 long sword and wearing a +0 robe (not susceptible)
The ball explodes into a vile cloud!
The stinking cloud engulfs the naga ritualist but does no damage.
You hear an angry hiss.
You closely miss the mana viper.
The mana viper bites you but does no damage.
You hit the mana viper but do no damage.
The mana viper misses you.
Casting: Mephitic Cloud (safe; 1% risk of failure)
Confirm with . or Enter, or press ? or * to list all spells.
Aiming: Mephitic Cloud (safe; 1% risk of failure)
Press: ? - help, Shift-Dir - straight line, f/p - naga ritualist
Aim: a naga ritualist, wielding a +0 long sword and wearing a +0 robe (not susceptible)
The ball explodes into a vile cloud!
The stinking cloud engulfs the mana viper but does no damage.
The stinking cloud engulfs you but does no damage.
The stinking cloud engulfs the naga ritualist but does no damage.
The mana viper completely misses you. The mana viper barely misses you.
Casting: Mephitic Cloud (safe; 1% risk of failure)
Confirm with . or Enter, or press ? or * to list all spells.
Okay, then.
Unknown command.
The mana viper attacks as it pursues you!
The mana viper bites you but does no damage.
Casting: Ignite Poison (safe; 1% risk of failure)
Confirm with . or Enter, or press ? or * to list all spells.
You ignite the poison in your surroundings!
The mana viper is engulfed in blazing flames.
The mana viper barely misses you.
The naga ritualist is engulfed in blazing flames.
The naga ritualist spits poison at you.
The splash of poison hits you but does no damage.
You resist.
The mana viper is engulfed in blazing flames.
You block the mana viper's attack.
You slash the naga ritualist! You burn the naga ritualist.
The naga ritualist is heavily wounded.
The mana viper is engulfed in blazing flames.
You block the mana viper's attack.
The naga ritualist is engulfed in blazing flames.
The naga ritualist hits you with a +0 long sword.
You block the naga ritualist's attack.
You slash the naga ritualist! You burn the naga ritualist.
The naga ritualist is almost dead.
The mana viper is engulfed in blazing flames.
You block the mana viper's attack.
The naga ritualist is engulfed in blazing flames.
You kill the naga ritualist!
Makhleb accepts your kill.
You feel better.
You miss the mana viper.
The mana viper is almost dead.
The mana viper is engulfed in blazing flames.
You kill the mana viper!
Makhleb accepts your kill.
You feel better.
You start waiting.
A salamander comes into view. It is wielding a +0 trident.
A naga warrior comes into view. It is wielding a +0 battleaxe.
The naga warrior shouts!
A naga ritualist comes into view. It is wielding a +0 dire flail.
A naga comes into view. It is wielding a +0 battleaxe.
Casting: Ignite Poison (safe; 1% risk of failure)
Confirm with . or Enter, or press ? or * to list all spells.
Aiming: Mephitic Cloud (safe; 1% risk of failure)
Press: ? - help, Shift-Dir - straight line, f - salamander
Aim: a salamander, wielding a +0 trident (chance to affect: 62%)
The ball explodes into a vile cloud!
The stinking cloud engulfs the salamander but does no damage.
The stinking cloud engulfs the naga warrior but does no damage.
The naga ritualist shouts!
You hear an angry hiss.
Unknown command.
The salamander is engulfed in noxious fumes.
The salamander appears confused.
The salamander is engulfed in noxious fumes.
The salamander appears confused.
Casting: Mephitic Cloud (safe; 1% risk of failure)
Confirm with . or Enter, or press ? or * to list all spells.
Aiming: Mephitic Cloud (safe; 1% risk of failure)
Press: ? - help, Shift-Dir - straight line, p - salamander The ball explodes into a vile cloud!
The stinking cloud engulfs the salamander but does no damage.
You hear an angry hiss.
Unknown command.
Casting: Mephitic Cloud (safe; 1% risk of failure)
Confirm with . or Enter, or press ? or * to list all spells.
You ignite the poison in your surroundings!
The naga ritualist is engulfed in blazing flames.
Unknown command.
A black mamba comes into view.
The salamander hits you but does no damage.
The naga warrior roars a battlecry!
The nagas go into a battle-frenzy!
The naga ritualist is engulfed in blazing flames.
Unknown command.
Casting: Ignite Poison (safe; 1% risk of failure)
Confirm with . or Enter, or press ? or * to list all spells.
Aiming: Mephitic Cloud (safe; 1% risk of failure)
Press: ? - help, Shift-Dir - straight line The ball explodes into a vile cloud!
The stinking cloud engulfs the naga ritualist but does no damage.
The naga ritualist is moderately wounded.
The stinking cloud engulfs the naga but does no damage.
The stinking cloud engulfs the salamander but does no damage.
The stinking cloud engulfs you but does no damage.
The black mamba misses you.
A salamander comes into view. It is wielding a +0 glaive.
The black mamba barely misses you.
The naga ritualist attacks as it pursues you!
You block the naga ritualist's attack. The naga ritualist misses you.
The black mamba completely misses you.
Casting: Mephitic Cloud (safe; 1% risk of failure)
Confirm with . or Enter, or press ? or * to list all spells.
You ignite the poison in your surroundings!
The black mamba bites you!
The naga ritualist is engulfed in blazing flames.
You block the naga ritualist's attack. x2
The naga is engulfed in blazing flames.
The black mamba bites you. The salamander misses you.
Casting: Ignite Poison (safe; 1% risk of failure)
Confirm with . or Enter, or press ? or * to list all spells.
Casting: Starburst (dangerous; 3% risk of failure)
Press: ? - help, Dir - look around, f - activate The bolt of fire misses the black mamba.
The bolt of fire hits the salamander.
The salamander completely resists.
The bolt of fire hits the naga ritualist!!!
The naga ritualist is almost dead.
The bolt of fire hits the naga!!!
You kill the naga!
Makhleb accepts your kill.
You feel better. The black mamba closely misses you.
The salamander closely misses you.
The naga ritualist is engulfed in blazing flames.
You kill the naga ritualist!
Makhleb accepts your kill.
You feel better.
The salamander hits you with a +0 trident!
You are engulfed in flames.
You resist.
The salamander hits itself with a +0 trident!
Unknown command.
Casting: Starburst (dangerous; 2% risk of failure)
Confirm with . or Enter, or press ? or * to list all spells.
Casting: Starburst (dangerous; 2% risk of failure)
Press: ? - help, Dir - look around, f - activate
Okay, then.
You hit the black mamba. You burn the black mamba.
The black mamba is lightly wounded.
The salamander seems less confused.
You block the black mamba's attack. x2
You slash the black mamba! You burn the black mamba.
The black mamba is severely wounded.
The black mamba barely misses you. x2
You barely miss the black mamba.
The black mamba is severely wounded.
The black mamba bites you but does no damage.
You slice the black mamba!! You burn the black mamba.
You kill the black mamba!
Makhleb accepts your kill.
You feel better.
The salamander hits you but does no damage.
The naga warrior is engulfed in blazing flames.
Casting: Starburst (dangerous; 2% risk of failure)
Confirm with . or Enter, or press ? or * to list all spells.
Okay, then.
You slash the salamander!
The salamander is moderately wounded.
You block the salamander's attack.
You slash the salamander!
The salamander is heavily wounded.
The salamander closely misses you.
The naga warrior hits you with a +0 battleaxe!
You block the naga warrior's attack. You block the salamander's attack.
You barely miss the salamander.
The salamander is heavily wounded.
You block the salamander's attack.
The salamander hits you with a +0 trident!
You are engulfed in flames.
You resist.
The naga warrior hits you with a +0 battleaxe!!
You block the naga warrior's attack. You block the salamander's attack.
Things that are here:
a +0 long sword; a +0 robe; a black mamba corpse The salamander hits you from afar with a +0 trident.
You are engulfed in flames.
You resist.
The naga warrior attacks as it pursues you!
The naga warrior hits you with a +0 battleaxe!
* * * LOW HITPOINT WARNING * * *
The naga warrior grabs you. The naga warrior constricts you.
* * * LOW HITPOINT WARNING * * *
You escape the naga warrior's grasp.
The salamander no longer looks unusually strong.
The salamander attacks as it pursues you!
The salamander hits you from afar with a +0 glaive!
* * * LOW HITPOINT WARNING * * *
You are engulfed in flames.
You resist.
* * * LOW HITPOINT WARNING * * *
The salamander attacks as it pursues you!
You block the salamander's attack.
The salamander attacks as it pursues you!
The salamander barely misses you.
The salamander attacks as it pursues you!
The salamander misses you.
The naga warrior roars a battlecry!
The salamanders go into a battle-frenzy!
The salamander attacks as it pursues you!
You block the salamander's attack.
The salamander attacks as it pursues you!
The salamander misses you.
A naga comes into view. It is wielding a +1 halberd of flaming.
There is a stone staircase leading up here.
The salamander hits you from afar with a +0 glaive!!
* * * LOW HITPOINT WARNING * * *
You are engulfed in flames.
You resist.
You die...

Skill      XL: |  1  2  3  4  5  6  7  8  9 10 11 12 13 14 15 16 17 18 |
---------------+-------------------------------------------------------+-----
Spellcasting   | 3 4 5 7 8 9 11 12 13 14 15 16 | 16.1
Conjurations   | 3 4 5 7 8 9 11 12 13 14 15 16 | 16.1
Hexes          | 3 4 5 7 8 9 11 12 13 14 15 16 | 16.1
Summonings     | 3 4 5 7 8 9 11 12 13 14 15 16 | 16.1
Necromancy     | 3 4 5 7 8 9 11 12 13 14 15 16 | 16.1
Translocations | 3 4 5 7 8 9 11 12 13 14 15 16 | 16.1
Transmutations | 3 4 5 7 8 9 11 12 13 14 15 16 | 16.1
Fire Magic     | 3 4 5 7 8 9 11 12 13 14 15 16 | 16.1
Ice Magic      | 3 4 5 7 8 9 11 12 13 14 15 16 | 16.1
Air Magic      | 3 4 5 7 8 9 11 12 13 14 15 16 | 16.1
Earth Magic    | 3 4 5 7 8 9 11 12 13 14 15 16 | 16.1
Poison Magic   | 3 4 5 7 8 9 11 12 13 14 15 16 | 16.1
Fighting       | 1 2 3 5 6 8 10 | 10.0
Stealth        | 2 3 4 5 |  5.3
Dodging        | 3 4 5 6 8 9 10 | 10.0
Armour         | 3 4 5 |  5.0
Evocations     | 3 6 7 8 9 11 12 | 12.0
Long Blades    | 3 5 6 9 11 12 | 12.4
Shields        | 3 5 7 8 10 | 10.0

Action                     |  1- 3 |  4- 6 |  7- 9 | 10-12 | 13-15 | 16-18 || total
---------------------------+-------+-------+-------+-------+-------+-------++-------
  Melee: Dagger            |    15 |    90 |   216 |     2 |       |    44 ||   367
         Punch             |       |     1 |     6 |     1 |       |       ||     8
         Whip              |       |       |       |   330 |   435 |    94 ||   859
         Scimitar          |       |       |       |       |       |   516 ||   516
   Fire: Sling             |     2 |     3 |       |       |       |       ||     5
         Orcbow            |       |       |    10 |       |       |       ||    10
   Cast: Magic Dart        |    65 |   129 |   135 |    36 |    10 |     3 ||   378
         Mephitic Cloud    |       |     4 |    10 |    70 |   138 |   101 ||   323
         Poisonous Vapours |       |     3 |    26 |    82 |   114 |    64 ||   289
         Blink             |       |     2 |       |       |     8 |     4 ||    14
         Call Imp          |       |     2 |     7 |     1 |       |     1 ||    11
         Slow              |       |     1 |     7 |     1 |       |       ||     9
         Ignite Poison     |       |       |    10 |    52 |   103 |    72 ||   237
         Petrify           |       |       |       |     4 |     5 |     5 ||    14
         Summon Mana Viper |       |       |       |       |     1 |     1 ||     2
         Starburst         |       |       |       |       |    35 |   123 ||   158
         Orb of Destructio |       |       |       |       |       |     5 ||     5
  Evoke: Wand              |       |       |       |     1 |     2 |       ||     3
    Use: Scroll            |       |     1 |     5 |     4 |     6 |     3 ||    19
         Potion            |       |       |     1 |     1 |       |       ||     2
   Stab: Confused          |       |     3 |       |     5 |    14 |    17 ||    39
         Sleeping          |       |       |     1 |     3 |       |     7 ||    11
         Petrified         |       |       |       |    18 |     8 |     6 ||    32
         Petrifying        |       |       |       |     1 |       |     5 ||     6
         Distracted        |       |       |       |       |     1 |       ||     1
         Paralysed         |       |       |       |       |     9 |       ||     9
 Armour: Robe              |     6 |    25 |       |       |       |       ||    31
         Ring mail         |       |     3 |   126 |   134 |   213 |   217 ||   693
  Dodge: Dodged            |    17 |    49 |   118 |   172 |   307 |   474 ||  1137
  Block: Kite shield       |       |       |       |       |   270 |   447 ||   717
         Reflection        |       |       |       |       |       |    32 ||    32

Levels and vault maps discovered:
D:1:      minmay_arrival_semitransparent, layout_basic, basic_ecumenical_altar,
          serial_shops, shop
D:2:      layout_loops_ring, solitary_fountain, hangedman_feature_mirror
D:3:      layout_rooms, dancing_weapons_uskayaw, zin_scriptorium
D:4:      layout_basic, minitemple, gammafunk_ghost_necromancy,
          minmay_misc_feat_secret_circle, nicolae_shop_self_help
D:5:      layout_basic, nicolae_yredelemnul_corpse_copse, uniq_sigmund
D:6:      minmay_recursive_quarters, layout_loops_corners,
          worldfamousw_hep_ancestral_shrine, serial_shops, shop
D:7:      layout_cave_pods, xom_redecorated, minmay_temple_entry_slanted,
          serial_shops, nicolae_shop_temple_entry_statues_fountains
D:8:      layout_basic, enter_ossuary_5
D:9:      layout_cross, hellmonk_lair_entry_icy
D:10:     layout_roguey, hangedman_minor_magic, uniq_psyche
D:11:     kennysheep_spiral_hall, layout_basic, david_orc_5, serial_park_tiny_1,
          minivault_28
D:12:     layout_gridville
D:13:     layout_loops_ring
D:14:     giant_chief_lemuel, layout_loops_corners, david_vaults_2,
          hangedman_abyss_or_decor_lesser_grid, nicolae_gozag_seed_capital,
          uniq_josephine
D:15:     hangedman_depths_entry_civil_slaughter, layout_loops_ring,
          serial_bayou_pond_a, serial_glass, glass_columns_a, glass_columns_c,
          uniq_louise, uniq_kirke
Temple:   nicolae_temple_cloud_nine
Lair:1:   layout_layer_cave, uniq_joseph
Lair:2:   layout_chaotic_city, minmay_shoals_entry_lonely_mermaid,
          minmay_snake_entry_guardpost_small, pond, serial_bayou_shore_a,
          uniq_maggie
Lair:3:   layout_gridlike, special_room [special_room_mythical_zoo]
Lair:4:   minmay_lair_oklob_chamber, layout_gridlike, uniq_urug
Lair:5:   hangedman_lair_in_review, layout_regular_city,
          hangedman_lair_caniforms_friends, slime_entry_2, uniq_snorg
Snake:1:  nicolae_snake_nest, layout_rooms
Snake:2:  layout_cave_town, uniq_roxanne, uniq_aizul
Snake:3:  layout_layer_cave, nrook_loot_triangle
Snake:4:  grunt_snake_rune_spirals, layout_onion, uniq_donald, uniq_vashnia
Orc:1:    layout_diamond_mine, uniq_fannar
Orc:2:    st_orc_rangers, layout_caves

Notes
Turn   | Place    | Note
-------+----------+-------------------------------------------
     0 | D:1      | scionoferis the Djinni Hedge Wizard began the quest for the
                  | Orb.
     0 | D:1      | scionoferis set off with the following spells memorised:
                  | Magic Dart, Slow, Blink, Call Imp, Mephitic Cloud.
     0 | D:1      | Reached XP level 1. HP: 15/15 MP: 0/0
    78 | D:1      | Found a faded altar of an unknown god.
   199 | D:1      | Reached skill level 3 in Spellcasting
   199 | D:1      | Reached skill level 3 in Conjurations
   199 | D:1      | Reached skill level 3 in Hexes
   199 | D:1      | Reached skill level 3 in Summonings
   199 | D:1      | Reached skill level 3 in Necromancy
   199 | D:1      | Reached skill level 3 in Translocations
   199 | D:1      | Reached skill level 3 in Transmutations
   199 | D:1      | Reached skill level 3 in Fire Magic
   199 | D:1      | Reached skill level 3 in Ice Magic
   199 | D:1      | Reached skill level 3 in Air Magic
   199 | D:1      | Reached skill level 3 in Earth Magic
   199 | D:1      | Reached skill level 3 in Poison Magic
   217 | D:1      | Reached XP level 2. HP: 18/22 MP: 0/0
   469 | D:1      | Found Dappiw's Weapon Emporium.
   654 | D:1      | Reached XP level 3. HP: 23/26 MP: 0/0
   654 | D:1      | Learned a level 1 spell: Apportation
  1122 | D:2      | Reached skill level 1 in Fighting
  1122 | D:2      | Reached skill level 2 in Stealth
  1217 | D:2      | Reached XP level 4. HP: 30/32 MP: 0/0
  2053 | D:3      | Noticed a +0 hand axe
  2054 | D:3      | Noticed a +0 dagger
  2055 | D:3      | Found a hide-covered altar of Uskayaw.
  2255 | D:3      | Reached skill level 3 in Dodging
  2291 | D:3      | Reached XP level 5. HP: 9/38 MP: 0/0
  2291 | D:3      | Learned a level 2 spell: Poisonous Vapours
  2507 | D:3      | Found a glowing silver altar of Zin.
  2878 | D:4      | Found Lyelenes's Self-Improvement Boutique.
  2881 | D:4      | Noticed a phantom
  2919 | D:4      | Killed a phantom
  2920 | D:4      | Reached skill level 2 in Fighting
  2920 | D:4      | Reached XP level 6. HP: 37/43 MP: 0/0
  2940 | D:4      | Reached skill level 4 in Spellcasting
  2940 | D:4      | Reached skill level 4 in Conjurations
  2940 | D:4      | Reached skill level 4 in Hexes
  2940 | D:4      | Reached skill level 4 in Summonings
  2940 | D:4      | Reached skill level 4 in Necromancy
  2940 | D:4      | Reached skill level 4 in Translocations
  2940 | D:4      | Reached skill level 4 in Transmutations
  2940 | D:4      | Reached skill level 4 in Fire Magic
  2940 | D:4      | Reached skill level 4 in Ice Magic
  2940 | D:4      | Reached skill level 4 in Air Magic
  2940 | D:4      | Reached skill level 4 in Earth Magic
  2940 | D:4      | Reached skill level 4 in Poison Magic
  3081 | D:4      | Noticed a steam dragon
  3198 | D:4      | Found a runed translucent gate.
  3207 | D:4      | Found a runed translucent gate.
  3207 | D:4      | Found a runed translucent gate.
  3233 | D:4      | Noticed Fractals's ghost (novice TeCj)
  3280 | D:4      | Reached skill level 3 in Stealth
  3289 | D:4      | Identified the +5 ring mail "Ziadgh" {rF+ rC+ Int+3}
  3363 | D:4      | Reached XP level 7. HP: 45/49 MP: 0/0
  3363 | D:4      | Learned a level 2 spell: Passwall
  3385 | D:4      | Found a broken altar of Ashenzari.
  3385 | D:4      | Found a glowing golden altar of the Shining One.
  3392 | D:4      | Found a blossoming altar of Fedhas.
  3393 | D:4      | Found a snail-covered altar of Cheibriados.
  3398 | D:4      | Found a white marble altar of Elyvilon.
  3399 | D:4      | Found a sparkling altar of Nemelex Xobeh.
  3486 | D:4      | Reached skill level 1 in Armour
  3704 | D:4      | Killed a steam dragon
  3705 | D:4      | Reached skill level 2 in Armour
  3730 | D:4      | Identified the +0 robe of Edao {Str+6}
  3790 | D:5      | Entered Level 5 of the Dungeon
  4065 | D:5      | Reached skill level 3 in Armour
  4081 | D:5      | Reached skill level 5 in Spellcasting
  4081 | D:5      | Reached skill level 5 in Conjurations
  4081 | D:5      | Reached skill level 5 in Hexes
  4081 | D:5      | Reached skill level 5 in Summonings
  4081 | D:5      | Reached skill level 5 in Necromancy
  4081 | D:5      | Reached skill level 5 in Translocations
  4081 | D:5      | Reached skill level 5 in Transmutations
  4081 | D:5      | Reached skill level 5 in Fire Magic
  4081 | D:5      | Reached skill level 5 in Ice Magic
  4081 | D:5      | Reached skill level 5 in Air Magic
  4081 | D:5      | Reached skill level 5 in Earth Magic
  4081 | D:5      | Reached skill level 5 in Poison Magic
  4081 | D:5      | Reached XP level 8. HP: 55/55 MP: 0/0
  4081 | D:5      | Noticed Sigmund
  4523 | D:5      | Reached skill level 4 in Armour
  4910 | D:5      | Found a basalt altar of Yredelemnul.
  5207 | D:6      | Found Haosmum's Distillery.
  5482 | D:6      | Reached skill level 4 in Dodging
  5584 | D:6      | Reached skill level 3 in Fighting
  5767 | D:6      | Reached XP level 9. HP: 31/61 MP: 0/0
  5767 | D:6      | Learned a level 3 spell: Ignite Poison
  6065 | D:6      | Reached skill level 5 in Armour
  6131 | D:6      | Reached skill level 6 in Spellcasting
  6131 | D:6      | Reached skill level 6 in Conjurations
  6131 | D:6      | Reached skill level 6 in Hexes
  6131 | D:6      | Reached skill level 6 in Summonings
  6131 | D:6      | Reached skill level 6 in Necromancy
  6131 | D:6      | Reached skill level 6 in Translocations
  6131 | D:6      | Reached skill level 6 in Transmutations
  6131 | D:6      | Reached skill level 6 in Fire Magic
  6131 | D:6      | Reached skill level 6 in Ice Magic
  6131 | D:6      | Reached skill level 6 in Air Magic
  6131 | D:6      | Reached skill level 6 in Earth Magic
  6131 | D:6      | Reached skill level 6 in Poison Magic
  6199 | D:6      | Reached skill level 4 in Stealth
  6376 | D:6      | Found a hazy altar of Hepliaklqana.
  6650 | D:7      | Reached skill level 4 in Fighting
  6650 | D:7      | Reached skill level 5 in Dodging
  7078 | D:7      | Found Vyecuri's Armour Emporium.
  7154 | D:7      | Found a shimmering altar of Xom.
  7155 | D:7      | Found a shimmering altar of Xom.
  7156 | D:7      | Found a shimmering altar of Xom.
  7157 | D:7      | Found a shimmering altar of Xom.
  7173 | D:7      | Found a staircase to the Ecumenical Temple.
  7182 | Temple   | Entered the Ecumenical Temple
  7189 | Temple   | Became a worshipper of Makhleb the Destroyer
  7908 | D:4      | Killed Fractals's ghost
  7909 | D:4      | Reached skill level 5 in Fighting
  7909 | D:4      | Reached skill level 7 in Spellcasting
  7909 | D:4      | Reached skill level 7 in Conjurations
  7909 | D:4      | Reached skill level 7 in Hexes
  7909 | D:4      | Reached skill level 7 in Summonings
  7909 | D:4      | Reached skill level 7 in Necromancy
  7909 | D:4      | Reached skill level 7 in Translocations
  7909 | D:4      | Reached skill level 7 in Transmutations
  7909 | D:4      | Reached skill level 7 in Fire Magic
  7909 | D:4      | Reached skill level 7 in Ice Magic
  7909 | D:4      | Reached skill level 7 in Air Magic
  7909 | D:4      | Reached skill level 7 in Earth Magic
  7909 | D:4      | Reached skill level 7 in Poison Magic
  7909 | D:4      | Reached XP level 10. HP: 65/70 MP: 0/0
  7911 | D:4      | Reached skill level 5 in Stealth
  7934 | D:4      | Identified the +9 whip of Hatred {flame, *Corrode rElec
                  | Str+4}
  8059 | D:5      | Killed Sigmund
  8320 | D:8      | Found a sand-covered staircase.
  8324 | Ossuary  | Entered an ossuary
  8483 | Ossuary  | Reached skill level 1 in Evocations
  8529 | Ossuary  | Reached * piety under Makhleb
  8924 | D:8      | Reached ** piety under Makhleb
  9002 | D:8      | Reached skill level 2 in Evocations
  9632 | D:8      | Reached skill level 6 in Fighting
  9632 | D:8      | Reached skill level 8 in Spellcasting
  9632 | D:8      | Reached skill level 8 in Conjurations
  9632 | D:8      | Reached skill level 8 in Hexes
  9632 | D:8      | Reached skill level 8 in Summonings
  9632 | D:8      | Reached skill level 8 in Necromancy
  9632 | D:8      | Reached skill level 8 in Translocations
  9632 | D:8      | Reached skill level 8 in Transmutations
  9632 | D:8      | Reached skill level 8 in Fire Magic
  9632 | D:8      | Reached skill level 8 in Ice Magic
  9632 | D:8      | Reached skill level 8 in Air Magic
  9632 | D:8      | Reached skill level 8 in Earth Magic
  9632 | D:8      | Reached skill level 8 in Poison Magic
  9640 | D:8      | Reached skill level 3 in Evocations
  9985 | D:8      | Noticed a two-headed ogre
 10037 | D:8      | Killed a two-headed ogre
 10245 | D:8      | Reached XP level 11. HP: 65/78 MP: 0/0
 10245 | D:8      | Learned a level 4 spell: Petrify
 10288 | D:9      | Reached skill level 4 in Evocations
 10572 | D:9      | Reached skill level 7 in Fighting
 10699 | D:9      | Reached skill level 9 in Spellcasting
 10699 | D:9      | Reached skill level 9 in Conjurations
 10699 | D:9      | Reached skill level 9 in Hexes
 10699 | D:9      | Reached skill level 9 in Summonings
 10699 | D:9      | Reached skill level 9 in Necromancy
 10699 | D:9      | Reached skill level 9 in Translocations
 10699 | D:9      | Reached skill level 9 in Transmutations
 10699 | D:9      | Reached skill level 9 in Fire Magic
 10699 | D:9      | Reached skill level 9 in Ice Magic
 10699 | D:9      | Reached skill level 9 in Air Magic
 10699 | D:9      | Reached skill level 9 in Earth Magic
 10699 | D:9      | Reached skill level 9 in Poison Magic
 10780 | D:9      | Reached *** piety under Makhleb
 10781 | D:9      | Reached skill level 5 in Evocations
 10945 | D:9      | Found a staircase to the Lair.
 11180 | D:10     | Entered Level 10 of the Dungeon
 11454 | D:10     | Noticed Psyche
 11460 | D:10     | Killed Psyche
 11682 | D:10     | Reached **** piety under Makhleb
 11687 | D:10     | Reached skill level 8 in Fighting
 11762 | D:10     | Reached skill level 6 in Evocations
 11873 | D:10     | Noticed a two-headed ogre
 11879 | D:10     | Killed a two-headed ogre
 11880 | D:10     | Reached XP level 12. HP: 83/87 MP: 0/0
 12125 | D:10     | Reached skill level 10 in Spellcasting
 12125 | D:10     | Reached skill level 10 in Conjurations
 12125 | D:10     | Reached skill level 10 in Hexes
 12125 | D:10     | Reached skill level 10 in Summonings
 12125 | D:10     | Reached skill level 10 in Necromancy
 12125 | D:10     | Reached skill level 10 in Translocations
 12125 | D:10     | Reached skill level 10 in Transmutations
 12125 | D:10     | Reached skill level 10 in Fire Magic
 12125 | D:10     | Reached skill level 10 in Ice Magic
 12125 | D:10     | Reached skill level 10 in Air Magic
 12125 | D:10     | Reached skill level 10 in Earth Magic
 12125 | D:10     | Reached skill level 10 in Poison Magic
 12128 | D:10     | Identified the -2 hat of Pan-Flutes {rC+ rN+ Dex+2 Stlth+}
 12130 | D:10     | Identified the +1 hat of Wu Jian's Vengeance {Fly Int+3
                  | Dex+3}
 12398 | D:11     | Reached skill level 9 in Fighting
 12771 | D:11     | Found a staircase to the Orcish Mines.
 12949 | D:11     | Reached skill level 11 in Spellcasting
 12949 | D:11     | Reached skill level 11 in Conjurations
 12949 | D:11     | Reached skill level 11 in Hexes
 12949 | D:11     | Reached skill level 11 in Summonings
 12949 | D:11     | Reached skill level 11 in Necromancy
 12949 | D:11     | Reached skill level 11 in Translocations
 12949 | D:11     | Reached skill level 11 in Transmutations
 12949 | D:11     | Reached skill level 11 in Fire Magic
 12949 | D:11     | Reached skill level 11 in Ice Magic
 12949 | D:11     | Reached skill level 11 in Air Magic
 12949 | D:11     | Reached skill level 11 in Earth Magic
 12949 | D:11     | Reached skill level 11 in Poison Magic
 13024 | D:11     | Reached ***** piety under Makhleb
 13197 | D:11     | Noticed a two-headed ogre
 13205 | D:11     | Killed a two-headed ogre
 13544 | D:11     | Noticed a boulder beetle
 13544 | D:11     | Noticed a boulder beetle
 13576 | D:11     | Noticed a tengu warrior
 13576 | D:11     | Noticed a fire crab
 14256 | D:11     | HP: 2/91 [freezing wraith (10)]
 14597 | D:11     | Noticed a centaur warrior
 14615 | D:11     | Killed a centaur warrior
 14616 | D:11     | Reached skill level 10 in Fighting
 14616 | D:11     | Reached XP level 13. HP: 82/96 MP: 0/0
 14616 | D:11     | Learned a level 5 spell: Summon Mana Viper
 14622 | D:11     | Noticed an entropy weaver
 14629 | D:11     | Killed an entropy weaver
 14722 | D:11     | Reached skill level 12 in Spellcasting
 14722 | D:11     | Reached skill level 12 in Conjurations
 14722 | D:11     | Reached skill level 12 in Hexes
 14722 | D:11     | Reached skill level 12 in Summonings
 14722 | D:11     | Reached skill level 12 in Necromancy
 14722 | D:11     | Reached skill level 12 in Translocations
 14722 | D:11     | Reached skill level 12 in Transmutations
 14722 | D:11     | Reached skill level 12 in Fire Magic
 14722 | D:11     | Reached skill level 12 in Ice Magic
 14722 | D:11     | Reached skill level 12 in Air Magic
 14722 | D:11     | Reached skill level 12 in Earth Magic
 14722 | D:11     | Reached skill level 12 in Poison Magic
 14905 | D:11     | Reached skill level 1 in Long Blades
 15330 | D:12     | Identified the +6 long sword of Corruption {heavy, Str+4}
 15726 | D:12     | Reached skill level 1 in Shields
 15879 | Lair:1   | Entered Level 1 of the Lair of Beasts
 15879 | Lair:1   | Noticed Joseph
 15883 | Lair:1   | Killed Joseph
 15888 | Lair:1   | Reached skill level 2 in Long Blades
 15955 | Lair:1   | Reached skill level 2 in Shields
 15957 | Lair:1   | Reached skill level 6 in Dodging
 17342 | Lair:2   | Noticed Maggie
 17362 | Lair:1   | Killed Maggie
 17363 | Lair:1   | Reached skill level 3 in Long Blades
 17363 | Lair:1   | Reached skill level 7 in Evocations
 17484 | Lair:2   | Reached skill level 3 in Shields
 17673 | Lair:2   | Found a staircase to the Snake Pit.
 17700 | Lair:2   | Reached XP level 14. HP: 103/103 MP: 0/0
 17798 | Lair:2   | Found a staircase to the Shoals.
 18013 | Lair:2   | Identified the +1 long sword of Tosocsaur {freeze, rPois}
 18453 | Lair:3   | Reached skill level 7 in Dodging
 18648 | Lair:3   | Reached skill level 4 in Long Blades
 18648 | Lair:3   | Reached skill level 4 in Shields
 19221 | Lair:3   | You are sucked into a shaft and drop 2 floors!
 19221 | Lair:5   | Entered Level 5 of the Lair of Beasts
 19261 | Lair:4   | Noticed Urug
 19272 | Lair:4   | Killed Urug
 19273 | Lair:4   | Reached skill level 8 in Evocations
 19438 | Lair:3   | Reached skill level 13 in Spellcasting
 19438 | Lair:3   | Reached skill level 13 in Conjurations
 19438 | Lair:3   | Reached skill level 13 in Hexes
 19438 | Lair:3   | Reached skill level 13 in Summonings
 19438 | Lair:3   | Reached skill level 13 in Necromancy
 19438 | Lair:3   | Reached skill level 13 in Translocations
 19438 | Lair:3   | Reached skill level 13 in Transmutations
 19438 | Lair:3   | Reached skill level 13 in Fire Magic
 19438 | Lair:3   | Reached skill level 13 in Ice Magic
 19438 | Lair:3   | Reached skill level 13 in Air Magic
 19438 | Lair:3   | Reached skill level 13 in Earth Magic
 19438 | Lair:3   | Reached skill level 13 in Poison Magic
 19882 | Lair:4   | Reached skill level 5 in Shields
 20050 | Lair:4   | Reached skill level 8 in Dodging
 20067 | Lair:4   | Reached skill level 5 in Long Blades
 21605 | D:9      | Upgraded the game from 0.31-a0-620-gd1cbd99268 to
                  | 0.31-a0-632-g766dd24fdf
 21951 | Lair:5   | Reached XP level 15. HP: 65/107 MP: 0/0
 21951 | Lair:5   | Learned a level 6 spell: Starburst
 22431 | Lair:5   | Reached skill level 6 in Shields
 22505 | Lair:5   | Noticed Snorg
 22509 | Lair:5   | Reached skill level 9 in Evocations
 22511 | Lair:5   | Killed Snorg
 22514 | Lair:5   | Reached skill level 6 in Long Blades
 22553 | Lair:5   | Reached ****** piety under Makhleb
 22555 | Lair:5   | Reached skill level 9 in Dodging
 22839 | Lair:5   | Found a runed translucent door.
 22839 | Lair:5   | Found a viscous altar of Jiyva.
 22840 | Lair:5   | Found a staircase to the Slime Pits.
 23171 | Lair:5   | Reached skill level 7 in Shields
 24143 | Lair:5   | Reached XP level 16. HP: 112/113 MP: 0/0
 24168 | Lair:5   | Reached skill level 7 in Long Blades
 24584 | Lair:5   | Reached skill level 10 in Dodging
 24887 | Lair:5   | Reached skill level 10 in Evocations
 25252 | D:6      | Bought a potion of enlightenment for 70 gold pieces
 25252 | D:6      | Bought a potion of invisibility for 112 gold pieces
 25252 | D:6      | Bought a potion of resistance for 140 gold pieces
 25252 | D:6      | Bought a potion of degeneration for 14 gold pieces
 25400 | Orc:1    | Entered Level 1 of the Orcish Mines
 25461 | Orc:2    | Entered Level 2 of the Orcish Mines
 25509 | Orc:2    | Reached skill level 14 in Spellcasting
 25509 | Orc:2    | Reached skill level 14 in Conjurations
 25509 | Orc:2    | Reached skill level 14 in Hexes
 25509 | Orc:2    | Reached skill level 14 in Summonings
 25509 | Orc:2    | Reached skill level 14 in Necromancy
 25509 | Orc:2    | Reached skill level 14 in Translocations
 25509 | Orc:2    | Reached skill level 14 in Transmutations
 25509 | Orc:2    | Reached skill level 14 in Fire Magic
 25509 | Orc:2    | Reached skill level 14 in Ice Magic
 25509 | Orc:2    | Reached skill level 14 in Air Magic
 25509 | Orc:2    | Reached skill level 14 in Earth Magic
 25509 | Orc:2    | Reached skill level 14 in Poison Magic
 25927 | Orc:1    | Noticed Fannar
 25937 | Orc:1    | Killed Fannar
 26420 | Orc:1    | You are sucked into a shaft and drop 1 floor!
 26549 | Orc:2    | Found Qopp's Assorted Antiques.
 26549 | Orc:2    | Found Yninnias's Distillery.
 26551 | Orc:2    | Found Waifel's Weapon Boutique.
 26553 | Orc:2    | Found Temuskei's Jewellery Emporium.
 26557 | Orc:2    | Bought a scroll of identify for 60 gold pieces
 26557 | Orc:2    | Bought a sedimented clear potion for 27 gold pieces
 26557 | Orc:2    | Bought a bubbling green potion for 27 gold pieces
 26557 | Orc:2    | Bought a jewelled cloak for 285 gold pieces
 26557 | Orc:2    | Identified the +0 cloak of Buur {rF- Int+3 Slay+2 SInv}
                  | (You bought it in a shop on level 2 of the Orcish Mines)
 26557 | Orc:2    | Bought a twisted fluorescent wand for 120 gold pieces
 26574 | Orc:2    | Bought a potion of heal wounds for 65 gold pieces
 26574 | Orc:2    | Bought a potion of mutation for 104 gold pieces
 26816 | Orc:2    | Found a staircase to the Elven Halls.
 27567 | D:4      | Bought a manual of Long Blades for 800 gold pieces
 27798 | D:13     | Reached skill level 8 in Shields
 28346 | D:13     | Reached skill level 8 in Long Blades
 29160 | D:14     | Found an opulent altar of Gozag.
 29195 | D:14     | Found a gate to the Vaults.
 29493 | D:14     | Noticed Josephine
 29496 | D:14     | Killed Josephine
 30052 | D:14     | Noticed a frost giant
 30059 | D:14     | Killed a frost giant
 30061 | D:14     | Reached skill level 9 in Long Blades
 30176 | D:14     | Identified the +5 arbalest "Headualivu" {flame, Dex+3}
 30191 | D:14     | Identified the +8 chain mail of Ocvigiss {Rampage}
 30235 | D:14     | Reached skill level 11 in Evocations
 30235 | D:14     | Reached XP level 17. HP: 79/119 MP: 0/0
 30235 | D:14     | Learned a level 7 spell: Orb of Destruction
 30236 | D:14     | Reached skill level 9 in Shields
 30760 | D:15     | Entered Level 15 of the Dungeon
 31158 | D:15     | Found a staircase to the Depths.
 31192 | D:15     | Noticed Kirke
 31196 | D:15     | Killed Kirke
 31536 | D:15     | Identified the +10 sling of Annihilation {heavy, rElec
                  | Int+3}
 31850 | D:15     | Noticed Louise
 31870 | D:15     | Killed Louise
 31871 | D:15     | Reached skill level 15 in Spellcasting
 31871 | D:15     | Reached skill level 15 in Conjurations
 31871 | D:15     | Reached skill level 15 in Hexes
 31871 | D:15     | Reached skill level 15 in Summonings
 31871 | D:15     | Reached skill level 15 in Necromancy
 31871 | D:15     | Reached skill level 15 in Translocations
 31871 | D:15     | Reached skill level 15 in Transmutations
 31871 | D:15     | Reached skill level 15 in Fire Magic
 31871 | D:15     | Reached skill level 15 in Ice Magic
 31871 | D:15     | Reached skill level 15 in Air Magic
 31871 | D:15     | Reached skill level 15 in Earth Magic
 31871 | D:15     | Reached skill level 15 in Poison Magic
 32231 | D:9      | Upgraded the game from 0.31-a0-632-g766dd24fdf to
                  | 0.31-a0-636-ge1c0e020e0
 32293 | Snake:1  | Entered Level 1 of the Snake Pit
 32299 | Snake:1  | Reached skill level 10 in Long Blades
 33206 | Snake:1  | Found the +3 pair of seven-league boots {Rampage+∞}
 33703 | Snake:2  | Reached skill level 10 in Shields
 33950 | Snake:2  | Reached skill level 11 in Long Blades
 34085 | Snake:2  | Noticed Aizul
 34107 | Snake:1  | Killed Aizul
 34108 | Snake:1  | Reached skill level 12 in Evocations
 34485 | Snake:2  | Reached XP level 18. HP: 93/124 MP: 0/0
 35203 | Snake:2  | Noticed Roxanne
 35716 | Snake:2  | Killed Roxanne
 36302 | Snake:3  | Reached skill level 12 in Long Blades
 37265 | Snake:3  | Reached skill level 16 in Spellcasting
 37265 | Snake:3  | Reached skill level 16 in Conjurations
 37265 | Snake:3  | Reached skill level 16 in Hexes
 37265 | Snake:3  | Reached skill level 16 in Summonings
 37265 | Snake:3  | Reached skill level 16 in Necromancy
 37265 | Snake:3  | Reached skill level 16 in Translocations
 37265 | Snake:3  | Reached skill level 16 in Transmutations
 37265 | Snake:3  | Reached skill level 16 in Fire Magic
 37265 | Snake:3  | Reached skill level 16 in Ice Magic
 37265 | Snake:3  | Reached skill level 16 in Air Magic
 37265 | Snake:3  | Reached skill level 16 in Earth Magic
 37265 | Snake:3  | Reached skill level 16 in Poison Magic
 37565 | Snake:4  | Entered Level 4 of the Snake Pit
 38289 | Snake:4  | HP: 3/124 [salamander/+0 glaive (23)]
 38289 | Snake:4  | Slain by a salamander

Vanquished Creatures
  Aizul (Snake:1)
  Kirke (D:15)
  Roxanne (Snake:2)
  A nagaraja (Snake:3)
  A frost giant (D:14)
  Louise (D:15)
  2 dire elephants (Lair:5)
  Snorg (Lair:5)
  3 ettins (D:14 D:15)
  Josephine (D:14)
  An entropy weaver (shapeshifter) (D:11)
  A salamander tyrant (Snake:3)
  Fannar (Orc:1)
  An ogre mage (D:14)
  2 catoblepae (Lair:5)
  8 hydras (Lair:2 Lair:3 Lair:5 D:14 D:15)
  5 centaur warriors (D:11 D:13 D:14 D:15)
  7 anacondas (Lair:5 Snake:1 Snake:2 Snake:3)
  7 boulder beetles (D:11 Lair:4 Lair:5 D:13 D:14)
  5 two-headed ogres (D:8 D:10 D:11 D:14)
  7 death yaks (Lair:5)
  2 titan zombies (D:14)
  7 naga warriors (Snake:1 Snake:2 Snake:4)
  3 shock serpents (Snake:2 Snake:1)
  5 tengu warriors (D:11 D:14 D:15)
  8 naga sharpshooters (Snake:1 Snake:2 Snake:3)
  Urug (Lair:4)
  3 skysharks (Lair:3 Lair:4)
  3 salamander mystics (Snake:1 Snake:3)
  2 deep trolls (D:15)
  4 naga ritualists (Snake:1 Snake:4)
  2 deep elf pyromancers (D:10 D:15)
  A necromancer (D:15)
  4 lindwurms (Lair:5)
  A wizard (D:15)
  7 mana vipers (Snake:1 Snake:3 Snake:4)
  A deep elf zephyrmancer (D:10)
  2 orc knights (D:11 Orc:2)
  2 orc sorcerers (Orc:2 Orc:1)
  18 cyclopes (D:11 D:13 D:14)
  4 oklob plants (Lair:4)
  4 ugly things (D:11 D:13)
  10 manticores (D:11 Lair:3 Lair:5 D:13 D:14)
  9 salamanders (Snake:1 Snake:2 Snake:3 Snake:4)
  A manticore (shapeshifter) (D:11)
  A merfolk siren (Lair:2)
  A stone giant zombie (D:14)
  Joseph (Lair:1)
  2 guardian serpents (Snake:1 Snake:2)
  23 elephants (Lair:1 Lair:2 Lair:4 Lair:5)
  11 naga magi (Snake:1 Snake:2 Snake:4)
  28 black mambas (Lair:3 Lair:2 Lair:4 Lair:5 Snake:1)
  10 cane toads (Lair:1 Lair:2 Lair:5)
  A torpor snail (Lair:3)
  10 rime drakes (D:9 Lair:3 Lair:5)
  Psyche (D:10)
  Maggie (Lair:1)
  2 unseen horrors (D:11 D:12)
  7 kobold demonologists (D:10 D:11 D:13)
  A freezing wraith (D:11)
  4 efreet (D:11 D:14)
  7 komodo dragons (Lair:1 Lair:2 Lair:3)
  The ghost of Fractals the Conjurer, a novice TeCj of Gozag (D:4)
  A komodo dragon (shapeshifter) (D:14)
  4 tengu conjurers (D:13 D:15)
  5 trolls (D:12 Orc:2 Orc:1)
  A meliai (shapeshifter) (D:13)
  11 polar bears (D:9 Lair:3 Lair:5)
  2 tarantellas (shapeshifter) (D:11 D:14)
  A hornet (D:9)
  19 blink frogs (D:9 Lair:1 Lair:4 Lair:5)
  3 dream sheep (Lair:4 Lair:5)
  8 slime creatures (D:12 D:13)
  2 shadows (D:11 D:13)
  A vampire (D:9)
  Sigmund (D:5)
  10 wyverns (D:7 D:8 Lair:2 Lair:3 Lair:5)
  6 wraiths (D:10 D:13 D:14)
  42 yaks (D:8 D:9 D:10 D:11 Lair:1)
  10 basilisks (Lair:3 Lair:4 Lair:5 D:14 D:15)
  3 steam dragons (D:4 D:8 D:9)
  2 vampire mosquitoes (D:13)
  4 hogs (D:15)
  11 wargs (Lair:5 Orc:2 Orc:1 D:14)
  An acid dragon (D:8)
  34 nagas (Lair:2 Snake:1 Snake:2 Snake:3 Snake:4)
  A swamp drake (D:10)
  15 hell hounds (Lair:5)
  13 water moccasins (D:6 D:7 D:8 Lair:1 Lair:2)
  A sky beast (D:7)
  30 orc warriors (D:6 D:9 D:11 Orc:2 Orc:1)
  6 ice beasts (D:7 D:9)
  11 black bears (Lair:5)
  10 ogres (D:7 Orc:2 Orc:1 D:14)
  12 centaurs (D:7 D:11 Orc:2 D:13)
  35 wolves (D:9 Lair:1 Lair:2 Lair:3 Lair:5)
  A phantom (D:4)
  2 elf zombies (Ossuary)
  7 kobold brigands (D:7 D:8 D:9 D:10 D:11)
  13 bullfrogs (D:6 D:8 D:9 Lair:1 Lair:2)
  5 scorpions (D:4 D:6)
  A cyclops zombie (D:14)
  2 water moccasin zombies (D:4)
  5 wights (D:9)
  4 electric eels (Lair:2 Lair:4 D:14)
  4 howler monkeys (D:8 D:9 D:12)
  A crimson imp (D:10)
  3 bullfrog zombies (D:5)
  3 jellies (D:6 Lair:5)
  2 centaur zombies (D:5 Ossuary)
  10 hounds (D:3 D:4 D:5 D:6 D:7)
  4 orc priests (D:10 D:11 Orc:2)
  A sleepcap (D:6)
  An iron imp (D:10)
  3 iguanas (D:5 D:7)
  23 orc wizards (D:6 D:10 D:11 Orc:1 Orc:2)
  A scorpion zombie (D:5)
  9 hell rats (Lair:3)
  2 hound zombies (Ossuary)
  3 mummies (Ossuary)
  A howler monkey skeleton (D:4)
  10 adders (D:2 D:3 D:4 D:5 D:6)
  7 gnolls (D:4 D:5)
  2 river rats (Lair:2)
  2 shadow imps (D:6 D:10)
  3 white imps (D:4 D:8 D:10)
  2 adder zombies (Ossuary)
  3 worms (D:2 D:3)
  6 dart slugs (D:1 D:2 D:4 D:5)
  53 orcs (D:3 D:4 D:5 D:6 D:9)
  7 endoplasms (D:1 D:2 Lair:5)
  2 giant cockroaches (D:1)
  3 gnoll zombies (Ossuary)
  3 goblins (D:1 D:2 D:4)
  7 hobgoblins (D:1 D:2 D:3 D:4)
  5 jackals (D:3)
  31 kobolds (D:1 D:2 D:4 D:7 D:8)
  2 quokkas (D:1)
  7 ball pythons (D:1 D:2 D:3)
  4 bats (D:2 D:3)
  5 frilled lizards (D:1 D:2 D:3)
  2 goblin zombies (Ossuary)
  4 hobgoblin zombies (Ossuary)
  2 jackal zombies (Ossuary)
  4 kobold zombies (Ossuary)
  4 orc zombies (Ossuary)
  4 quokka zombies (Ossuary)
  9 rats (D:1 D:2 D:3)
  3 rat zombies (Ossuary)
897 creatures vanquished.

Vanquished Creatures (collateral kills)
  A water moccasin (Lair:3)
  An ice beast (D:5)
  A scorpion (D:4)
  A sleepcap (D:4)
4 creatures vanquished.

Vanquished Creatures (others)
  A human (D:15)
  An ogre (D:14)
  3 orcs (D:10)
5 creatures vanquished.

Grand Total: 906 creatures vanquished

Table legend: (Time is in decaauts)
 A = Elapsed time spent in this place.
 B = Non-inter-level travel time spent in this place.
 C = Inter-level travel time spent in this place.
 D = Time resting spent in this place.
 E = Time spent auto-exploring this place.
 F = Levels seen in this place.
 G = Mean time per level.
                   A        B        C        D        E       F      G
               +--------+--------+--------+--------+--------+-----+--------+
         Total |  38543 |  35483 |   3060 |   9374 |  17952 |  28 | 1376.5 |
       Dungeon |  20635 |  18331 |   2304 |   4141 |   9985 |  15 | 1375.7 |
        Temple |     14 |      2 |     12 |      0 |      0 |   1 |   14.0 |
          Lair |   9632 |   9208 |    424 |   2843 |   4285 |   5 | 1926.4 |
     Snake Pit |   5818 |   5639 |    179 |   1831 |   2621 |   4 | 1454.5 |
  Orcish Mines |   1858 |   1717 |    141 |    446 |    934 |   2 |  929.0 |
       Ossuary |    585 |    585 |      0 |    112 |    127 |   1 |  585.0 |
               +--------+--------+--------+--------+--------+-----+--------+

Top non-repeatable levels by time:
  Lair:5: 3293 daAuts
    D:11: 2974 daAuts
 Snake:3: 2164 daAuts
  Lair:4: 2045 daAuts
 Snake:1: 1838 daAuts
  Lair:1: 1786 daAuts
     D:6: 1716 daAuts
     D:5: 1643 daAuts
    D:14: 1636 daAuts
     D:8: 1616 daAuts
 Snake:2: 1571 daAuts
    D:13: 1568 daAuts
     D:7: 1261 daAuts
  Lair:3: 1256 daAuts
    D:10: 1255 daAuts

Table legend:
 A = Non-vault XP
 B = Vault XP
 C = Vault XP percentage of total XP
 D = Non-vault monster count
 E = Vault monster count
 F = Vault count percentage of total count
                 A         B        C        D         E       F
            +---------+---------+-------+---------+---------+-------
      Total |  147689 |   82937 |  36.0 |     571 |     330 |  36.6
            +---------+---------+-------+---------+---------+-------
        D:1 |      33 |       0 |   0.0 |      18 |       0 |   0.0
        D:2 |      61 |      15 |  19.7 |      21 |       2 |   8.7
        D:3 |      88 |       0 |   0.0 |      21 |       0 |   0.0
        D:4 |     643 |     512 |  44.3 |      20 |       4 |  16.7
        D:5 |     499 |     430 |  46.3 |      22 |       6 |  21.4
        D:6 |     607 |     526 |  46.4 |      12 |       9 |  42.9
        D:7 |    1027 |       0 |   0.0 |      15 |       0 |   0.0
        D:8 |    2994 |       0 |   0.0 |      22 |       0 |   0.0
        D:9 |    2573 |    1447 |  36.0 |      27 |       8 |  22.9
       D:10 |    3289 |    1937 |  37.1 |      24 |      17 |  41.5
       D:11 |    5232 |   10283 |  66.3 |      18 |      37 |  67.3
       D:12 |    1493 |       0 |   0.0 |       6 |       0 |   0.0
       D:13 |    9234 |       0 |   0.0 |      28 |       0 |   0.0
       D:14 |    6433 |   17126 |  72.7 |      13 |      37 |  74.0
       D:15 |    6966 |    7920 |  53.2 |      12 |      12 |  50.0
     Lair:1 |    6142 |     881 |  12.5 |      25 |       2 |   7.4
     Lair:2 |    6272 |    1554 |  19.9 |      26 |       8 |  23.5
     Lair:3 |    7417 |    4500 |  37.8 |      28 |      25 |  47.2
     Lair:4 |    6143 |    4979 |  44.8 |      21 |      10 |  32.3
     Lair:5 |   19604 |   22880 |  53.9 |      43 |      81 |  65.3
    Snake:1 |   20724 |    1436 |   6.5 |      41 |       1 |   2.4
    Snake:2 |   19570 |    1345 |   6.4 |      42 |       1 |   2.3
    Snake:3 |   10683 |       0 |   0.0 |      20 |       0 |   0.0
    Snake:4 |    6034 |       0 |   0.0 |      14 |       0 |   0.0
      Orc:1 |    2042 |     876 |  30.0 |      21 |       1 |   4.5
      Orc:2 |    1886 |    3919 |  67.5 |      11 |      33 |  75.0
    Ossuary |       0 |     371 | 100.0 |       0 |      36 | 100.0
            +---------+---------+-------+---------+---------+-------
